Map: Thunderbird LE

Players

OGZest (Zest) - Winner!

  • Race: Protoss Protoss
  • Spawn Location: 5:00

Bunny

  • Race: Terran Terran
  • League: Diamond
  • Spawn Location: 11:00

Event: HomeStory Cup XIX

VOD

Have the link to the VOD?

Description

Time

  • Played on: June 29, 2019, 7:23 a.m.
  • Length: 24:30

All games in this series

Show
View Real Time Build Order
Export as new Build Order

OGZest Protoss - Winner!

Build Orders: 1 Gate Expand, Phoenix Opening, Archon Immortal, Blink Stalkers 

Get SALT Encoding   

  12  0:00  Probe  
  13  0:13  Probe  
  14  0:17  Pylon  
  14  0:23  Probe  
  15  0:31  Probe  
  15  0:36  Gateway  
  15  0:39  Probe  
  16  0:45  Assimilator  
  17  0:51  Probe  
  18  1:03  Probe  
  19  1:15  Probe  
  20  1:23  Cybernetics Core  
  20  1:33  Nexus  
  20  1:34  Probe  
  21  1:42  Pylon  
  21  1:46  Probe  
  22  1:50  Assimilator, Adept  
  22  1:58  Probe  
  25  2:03  Warp Gate  
  25  2:07  Probe  
  26  2:15  Probe  
  26  2:20  Sentry  
  29  2:25  Probe  
  30  2:37  Twilight Council  
  30  2:38  Probe  
  30  2:42  Probe  
  31  2:46  Stalker  
  31  2:50  Probe x2  
  35  2:53  Phoenix  
  35  2:57  Gateway  
  36  3:00  Probe  
  36  3:02  Probe  
  36  3:03  Blink  
  38  3:12  Probe  
  39  3:15  Probe, Pylon  
  40  3:22  Stalker  
  40  3:25  Probe  
  40  3:27  Probe  
  44  3:28  Assimilator  
  44  3:37  Probe  
  44  3:39  Probe  
  44  3:40  Robotics Facility  
  46  3:45  Shield Battery  
  46  3:49  Probe  
  46  3:51  Probe  
  46  3:52  Stalker  
  50  4:01  Probe  
  46  4:06  Probe  
  46  4:09  Probe  
  43  4:14  Sentry, Probe  
  46  4:17  Probe, Pylon  
  46  4:23  Nexus  
  48  4:24  Probe  
  48  4:27  Sentry  
  48  4:28  Probe  
  52  4:32  Observer  
  52  4:34  Pylon  
  52  4:37  Probe  
  54  4:40  Probe  
  54  4:41  Assimilator  
  54  4:44  Pylon  
  55  4:49  Probe x2  
  55  4:52  Pylon  
  57  4:56  Observer  
  57  4:57  Shield Battery  
  57  4:58  Probe  
  58  5:02  Probe  
  60  5:08  Stalker x2, Probe  
  65  5:14  Probe  
  65  5:20  Probe  
  67  5:25  Observer, Forge, Templar Archives  
  67  5:26  Probe  
  69  5:30  Probe, Pylon  
  69  5:32  Probe  
  70  5:38  Probe x2, Assimilator  
  70  5:40  Probe  
  73  5:43  Charge, Assimilator  
  73  5:46  Probe  
  74  5:50  Probe  
  74  5:51  Shield Battery  
  74  5:54  Probe  
  74  5:56  Protoss Ground Armor Level 1  
  77  5:59  Immortal  
  77  6:00  Probe  
  77  6:02  Probe  
  82  6:05  Probe  
  82  6:10  Psionic Storm  
  84  6:11  Probe  
  84  6:13  Probe  
  84  6:17  Probe  
  84  6:18  High Templar  
  89  6:23  Probe, High Templar  
  89  6:25  Probe  
  93  6:29  Probe  
  94  6:33  Immortal  
  94  6:35  Gateway  
  94  6:38  Probe  
  94  6:39  Gateway  
  96  6:42  Gateway  
  96  6:47  Gateway  
  99  6:48  Gateway  
  99  6:50  Gateway  
  99  6:52  Pylon  
  99  6:54  High Templar  
  101  6:55  High Templar  
  103  7:01  Forge  
  103  7:03  Pylon  
  103  7:05  Photon Cannon  
  103  7:06  Pylon  
  103  7:09  Pylon  
  103  7:16  Immortal  
  103  7:19  Pylon  
  107  7:26  High Templar  
  107  7:28  Stalker x2  
  113  7:33  Protoss Ground Weapons Level 1  
  113  7:41  Pylon  
  113  7:42  Pylon  
  113  7:43  Pylon  
  113  7:44  High Templar  
  115  7:53  High Templar x2  
  115  7:54  Archon  
  115  7:56  Protoss Ground Armor Level 2  
  119  8:00  Zealot x5, Immortal  
  133  8:05  Nexus  
  133  8:08  Pylon  
  133  8:17  Photon Cannon  
  133  8:19  Probe x2  
  136  8:20  Probe  
  136  8:28  Stargate  
  136  8:29  Archon  
  136  8:34  Probe, Immortal  
  136  8:35  Probe x2  
  143  8:43  Photon Cannon  
  143  8:46  Photon Cannon  
  143  8:48  Photon Cannon  
  143  8:52  High Templar x2  
  143  8:54  Stalker x2  
  143  8:55  Stalker x4  
  159  9:03  Assimilator  
  159  9:04  Assimilator  
  159  9:12  Stargate  
  159  9:14  Fleet Beacon  
  159  9:18  Shield Battery  
  159  9:21  Shield Battery  
  159  9:22  Photon Cannon  
  159  9:24  Shield Battery  
  159  9:34  Observer  
  157  9:43  High Templar x2  
  157  9:44  Protoss Ground Weapons Level 2  
  162  9:50  Gateway  
  162  9:52  Gateway  
  162  9:55  Tempest  
  162  9:57  Tempest  
  162  10:04  Nexus  
  162  10:06  Pylon  
  170  10:15  Robotics Facility  
  170  10:18  Robotics Bay  
  170  10:25  Protoss Ground Armor Level 3  
  170  10:29  Tempest  
  170  10:30  Photon Cannon  
  170  10:31  Photon Cannon  
  170  10:32  Photon Cannon x2  
  170  10:34  Photon Cannon x2, Protoss Air Weapons Level 1  
  170  10:37  Tempest, Pylon  
  178  10:52  Stalker x5  
  178  10:55  Stalker, Zealot  
  192  11:03  Zealot x3  
  192  11:08  Tempest  
  184  11:13  Shield Battery  
  184  11:15  Shield Battery  
  184  11:17  Shield Battery  
  187  11:42  Observer x2  
  187  11:47  Assimilator, Gravitic Boosters  
  187  11:49  Assimilator  
  189  11:58  Gateway  
  189  12:00  Gateway  
  189  12:02  Gateway  
  189  12:05  Gateway  
  189  12:06  Disruptor  
  189  12:07  Disruptor  
  189  12:08  Protoss Ground Weapons Level 3  
  183  12:12  Probe x4  
  179  12:37  Probe  
  179  12:38  Probe x4  
  184  12:44  Gravitic Drive  
  184  12:45  Cybernetics Core  
  184  12:46  Disruptor  
  184  12:48  Photon Cannon  
  184  12:56  Disruptor  
  190  12:58  Protoss Air Weapons Level 2  
  187  13:07  Nexus  
  187  13:09  Pylon  
  174  13:22  Stalker x3  
  174  13:23  Observer, Probe x2  
  174  13:24  Probe x3  
  174  13:25  Observer  
  185  13:45  Tempest  
  185  13:46  Tempest  
  185  13:47  Protoss Air Armor Level 1  
  185  13:48  Protoss Shields Level 1  
  195  13:52  Photon Cannon x2  
  195  13:56  Stalker x2  
  195  14:01  Observer  
  198  14:20  Oracle  
  198  14:21  Observer  
  199  14:37  Assimilator  
  199  14:52  Assimilator  
  197  14:57  Oracle  
  199  15:05  Tempest  
  187  15:15  Disruptor x2  
  191  15:25  Stalker x4  
  198  15:53  Observer  
  199  16:06  Protoss Shields Level 2  
  199  16:07  Protoss Air Armor Level 2  
  199  16:11  Dark Shrine, Protoss Air Weapons Level 3  
  199  16:27  Nexus  
  199  16:29  Pylon  
  188  16:48  Photon Cannon  
  188  16:50  Photon Cannon  
  188  16:52  Photon Cannon  
  183  16:55  Photon Cannon  
  183  16:57  Photon Cannon  
  183  16:59  Pylon  
  183  17:00  Shield Battery  
  183  17:01  Shield Battery  
  183  17:03  Pylon  
  183  17:06  Tempest x2  
  186  17:17  Observer x2  
  186  17:20  Observer  
  186  17:22  Probe x4  
  192  17:29  Shadow Stride  
  192  17:39  Dark Templar  
  192  17:40  Probe x2  
  192  17:41  Probe x3  
  196  18:18  Dark Templar  
  196  18:19  Dark Templar x3  
  192  18:36  Observer  
  192  18:40  Stalker x2  
  192  18:41  Stalker x2  
  199  18:51  Observer  
  199  18:53  Observer  
  200  19:03  Protoss Air Armor Level 3  
  200  19:14  Observer  
  198  19:38  Dark Templar  
  197  20:00  Observer x2  
  197  20:03  Photon Cannon  
  197  20:04  Photon Cannon  
  193  20:10  Protoss Shields Level 3  
  193  20:18  Stalker x3  
  193  20:19  Pylon  
  199  20:24  Nexus  
  199  20:26  Pylon  
  188  20:35  Pylon  
  188  20:37  Oracle x2  
  194  20:45  Photon Cannon  
  194  20:47  Photon Cannon  
  194  20:48  Photon Cannon  
  194  20:49  Observer  
  194  20:50  Photon Cannon  
  194  20:51  Shield Battery  
  194  20:53  Shield Battery  
  194  20:55  Pylon  
  194  21:01  Stalker x3  
  200  21:08  Observer  
  198  21:12  Observer x2  
  198  21:22  Archon  
  198  21:32  Stalker x2, Archon  
  198  21:43  Stalker  
  195  21:53  Stalker  
  195  21:54  Stalker x6  
  183  22:07  Stalker x6  
  183  22:08  Stalker  
  197  22:12  Observer  
  197  22:13  Observer  
  187  22:39  Stalker x3  
  187  22:40  Stalker x6  
  199  22:53  Probe  
  199  22:54  Stalker  
  199  22:55  Stalker  
  194  23:02  Stalker x2  
  194  23:03  Probe  
  177  23:08  Disruptor  
  177  23:10  Disruptor  
  170  23:15  Stalker x10  
  170  23:17  Probe x3  
  169  23:27  Stalker x4  
  169  23:28  Tempest  
  167  23:36  Disruptor  
  167  23:38  Tempest  
  173  23:45  Stalker x2  
  173  23:46  Stalker x8  
  173  23:48  Warp Prism  
  180  24:08  Stalker  
  180  24:09  Stalker x11  
Show
View Real Time Build Order
Export as new Build Order

Bunny Terran 

Build Orders: Gas First Reaper Expand 

Get SALT Encoding   

  12  0:00  SCV  
  13  0:12  SCV  
  14  0:17  Supply Depot  
  14  0:24  SCV  
  14  0:27  Refinery  
  15  0:39  SCV  
  16  0:44  Barracks  
  16  0:51  SCV  
  17  1:03  SCV  
  18  1:15  SCV  
  19  1:31  Reaper  
  19  1:32  Orbital Command  
  20  1:43  Command Center  
  20  1:53  Factory  
  20  1:57  SCV  
  21  2:05  Barracks Reactor  
  21  2:08  Supply Depot  
  21  2:09  SCV  
  22  2:16  Refinery  
  22  2:21  SCV  
  23  2:33  SCV  
  24  2:42  Starport  
  24  2:46  Hellion x2  
  24  2:47  SCV  
  29  2:56  Barracks Tech Lab  
  29  2:59  SCV  
  29  3:02  Orbital Command  
  30  3:08  Hellion  
  30  3:09  Hellion  
  30  3:11  SCV  
  36  3:20  Starport Tech Lab  
  36  3:23  SCV  
  37  3:27  SCV  
  37  3:35  Supply Depot  
  37  3:36  Marine x2, Cyclone  
  37  3:38  SCV  
  43  3:47  Banshee  
  46  3:56  SCV  
  46  3:57  SCV  
  43  4:09  SCV x2  
  41  4:10  Siege Tank  
  41  4:13  Command Center  
  41  4:16  Marine x2  
  46  4:20  Bunker  
  46  4:23  SCV x2  
  48  4:27  Supply Depot  
  48  4:29  Raven  
  50  4:34  Marine x2  
  50  4:35  SCV x2  
  54  4:46  Barracks  
  54  4:48  SCV x2  
  54  4:51  Refinery  
  54  4:52  Siege Tank  
  59  4:53  Engineering Bay  
  61  5:01  SCV  
  61  5:03  SCV, Supply Depot  
  61  5:13  Refinery  
  61  5:16  Supply Depot  
  61  5:18  SCV  
  61  5:19  Barracks  
  62  5:24  Marine x2, Terran Infantry Weapons Level 1  
  62  5:25  Orbital Command, SCV  
  62  5:26  Starport Reactor  
  65  5:37  SCV x2  
  65  5:39  Engineering Bay  
  67  5:43  Marine  
  67  5:44  Stimpack, Marine x2  
  67  5:47  Orbital Command  
  67  5:49  SCV x2  
  72  5:53  Factory Reactor  
  72  6:01  Marine x2, SCV x2  
  72  6:02  Marauder  
  78  6:07  Medivac x2  
  78  6:09  Supply Depot  
  82  6:13  SCV x2  
  82  6:14  Barracks x2, Terran Infantry Armor Level 1  
  82  6:15  SCV  
  85  6:24  Marauder  
  89  6:25  Marauder  
  89  6:28  Marine x2  
  89  6:32  SCV x3  
  96  6:41  Medivac x2  
  96  6:45  SCV  
  101  6:47  Supply Depot  
  101  6:48  SCV x2  
  101  6:51  Supply Depot  
  101  6:52  Armory, Supply Depot  
  99  6:57  Armory  
  99  7:00  Refinery, SCV x2  
  99  7:01  Refinery  
  101  7:05  Barracks Tech Lab, Barracks Reactor  
  101  7:07  Missile Turret  
  101  7:09  Combat Shield, SCV  
  101  7:12  Marine x2  
  101  7:14  SCV x2  
  101  7:15  Supply Depot  
  106  7:17  Marauder  
  106  7:18  Marauder  
  106  7:21  SCV  
  111  7:24  Supply Depot  
  111  7:28  Widow Mine x2, SCV  
  111  7:29  SCV  
  117  7:31  Marauder  
  117  7:33  SCV  
  117  7:35  Ghost Academy, Missile Turret  
  117  7:37  Marine  
  117  7:38  Marine  
  117  7:40  SCV  
  117  7:41  SCV  
  117  7:42  Supply Depot  
  117  7:43  Marauder x2  
  125  7:44  Concussive Shells  
  125  7:45  SCV  
  126  7:53  Marine x2  
  126  7:55  Marauder  
  126  7:56  SCV x2  
  126  7:57  SCV  
  132  8:02  Terran Infantry Weapons Level 2  
  132  8:03  Command Center  
  132  8:08  Terran Infantry Armor Level 2  
  132  8:09  Terran Ship Weapons Level 1  
  132  8:10  Supply Depot  
  132  8:16  Supply Depot  
  132  8:18  Ghost x2  
  132  8:19  Ghost  
  136  8:25  Medivac  
  140  8:31  Medivac  
  142  8:37  Missile Turret  
  142  8:38  Barracks x2  
  142  8:40  Marine x3  
  145  8:41  Marine  
  145  8:44  Widow Mine x2  
  145  8:46  SCV x2  
  145  8:48  Marauder x2  
  156  8:49  Marauder  
  156  8:51  Missile Turret  
  156  8:53  Supply Depot  
  156  8:54  Personal Cloaking  
  156  8:55  Supply Depot  
  158  9:00  Liberator x2  
  158  9:06  Marine x3  
  158  9:09  Marauder x2  
  165  9:14  Marauder, Supply Depot  
  165  9:16  Supply Depot  
  167  9:18  Sensor Tower  
  167  9:20  Supply Depot  
  173  9:30  Sensor Tower  
  173  9:31  Marauder  
  173  9:32  Marauder, Barracks Tech Lab  
  173  9:35  Marine x4  
  173  9:36  Marauder  
  173  9:37  Barracks Reactor  
  183  9:42  SCV x3  
  186  9:49  Refinery, Planetary Fortress  
  186  9:54  Refinery  
  186  9:55  Starport  
  186  10:01  Fusion Core  
  186  10:14  Ghost x2  
  184  10:15  Marine x4  
  184  10:16  Marine  
  193  10:22  Viking x2  
  197  10:32  Starport Tech Lab  
  197  10:33  Starport  
  197  10:36  Command Center  
  197  10:42  Terran Infantry Weapons Level 3  
  196  10:43  Command Center  
  195  10:52  Marine  
  195  10:53  Marine x2  
  195  10:54  Command Center  
  198  11:01  Viking  
  198  11:03  Viking  
  198  11:07  Advanced Ballistics  
  198  11:09  Terran Infantry Armor Level 3  
  190  11:15  Command Center  
  190  11:17  Viking, Starport Reactor  
  179  11:31  Viking  
  178  11:33  Viking  
  172  11:44  Starport, Missile Turret  
  172  11:45  Missile Turret  
  172  11:46  Starport, Missile Turret  
  172  11:47  Viking  
  174  11:57  Viking x2  
  178  12:01  Viking  
  178  12:06  Planetary Fortress  
  174  12:09  Viking, Refinery  
  174  12:10  Missile Turret  
  174  12:11  Ghost x2, Liberator x2  
  174  12:12  Refinery  
  174  12:14  Marine x6  
  172  12:16  Orbital Command  
  172  12:17  Viking  
  172  12:18  SCV  
  172  12:19  SCV x2  
  183  12:30  Marauder  
  183  12:31  Marauder  
  183  12:32  Marine x3, Liberator x2  
  183  12:33  Orbital Command  
  190  12:41  Marauder  
  190  12:42  Terran Ship Weapons Level 2  
  190  12:43  Sensor Tower, Missile Turret  
  195  12:52  Medivac  
  197  12:59  Planetary Fortress  
  197  13:00  Liberator x2  
  188  13:17  Refinery  
  188  13:19  Refinery  
  192  13:24  Medivac  
  194  13:31  Sensor Tower  
  194  13:32  Medivac  
  194  13:33  Missile Turret  
  193  13:36  Missile Turret  
  193  13:37  Missile Turret  
  193  13:38  Missile Turret  
  193  13:44  Liberator  
  193  13:52  Viking  
  193  13:54  Viking  
  197  13:58  Liberator  
  197  13:59  Missile Turret  
  197  14:00  Viking  
  197  14:01  Missile Turret  
  198  14:33  Starport Reactor  
  198  14:36  Starport  
  198  14:37  Liberator x2, Nuke, Starport x2  
  198  14:38  Liberator  
  198  14:39  Ghost Academy, Weapon Refit  
  198  14:43  Starport Tech Lab  
  198  14:50  Liberator x2  
  194  14:58  Terran Vehicle And Ship Armor Level 1  
  185  15:08  Viking  
  185  15:09  Marauder, Liberator x2  
  195  15:20  Command Center  
  196  15:37  Viking x2  
  196  15:38  Viking  
  196  15:48  Marauder x2, Marine x3  
  197  16:05  Ghost  
  197  16:10  Nuke  
  197  16:32  Viking x2  
  197  16:36  Viking x2  
  197  16:37  Viking  
  198  16:42  Viking  
  195  16:52  Viking x2  
  199  16:55  Starport Tech Lab x3  
  192  17:19  Ghost  
  192  17:20  Ghost x3  
  195  17:25  Nuke x2  
  192  17:34  Viking  
  192  17:35  Viking  
  196  17:47  Missile Turret, Sensor Tower  
  196  17:48  Ghost, Missile Turret  
  196  17:49  Missile Turret  
  196  17:50  Terran Ship Weapons Level 3  
  176  18:43  Missile Turret  
  176  18:46  Command Center  
  189  18:59  Battlecruiser x4  
  189  19:01  Battlecruiser  
  199  19:19  Command Center  
  199  19:25  Nuke  
  199  19:37  Sensor Tower  
  199  19:38  Missile Turret x2  
  199  19:39  Missile Turret  
  199  19:40  Missile Turret  
  195  19:51  Nuke  
  195  19:52  Command Center  
  191  19:56  Marauder  
  191  19:57  Marauder x3  
  191  19:58  Marine x3  
  191  19:59  Marine x3  
  199  20:28  Liberator x2  
  192  20:32  Marauder x2, Medivac  
  192  20:33  Marine, Medivac  
  185  20:37  Marine x2, Liberator x3  
  185  20:39  Orbital Command  
  187  20:44  Viking  
  187  20:45  Viking x2  
  200  21:24  Marauder x3, Marine  
  200  21:25  Marine x4  
  199  21:29  Missile Turret  
  199  21:31  Sensor Tower  
  200  21:34  Missile Turret  
  182  22:00  Marauder x3  
  187  22:09  Battlecruiser  
  187  22:10  Battlecruiser  
  199  22:22  Missile Turret  
  196  22:27  Battlecruiser  
  168  22:44  Liberator x2, Battlecruiser x2  
  168  22:48  Marauder x4  
  188  22:52  Marine  
  188  22:53  Marine x2  
  178  23:05  Marine  
  178  23:06  Marine x2  
  178  23:09  Marauder, Marine x2  
  178  23:11  Marine x2  
  158  23:13  Battlecruiser  
  158  23:14  Battlecruiser  
  158  23:16  Marine x2  
  160  23:23  Marine  
  160  23:24  Marine x2  
  161  23:27  Marauder, Marine  
  161  23:29  Marine  
  161  23:31  Marauder  
  161  23:33  Marine  
  158  23:34  Marine, Medivac x3  
  158  23:35  Marauder  
  158  23:41  Marine x2  
  158  23:42  Marine, Medivac x2  
  158  23:45  Marauder  
  158  23:47  Marine  
  157  23:49  Marauder  
  157  23:52  Marauder  
  157  23:56  Marauder  
  157  24:06  Marauder  
  126  24:11  Marine x5  
Tags
 
Add a new tag
Caveats
  • Supply blocks, unpowered buildings, or Contaminate may cause inaccurate times.
  • Supply counts are checked every 10 seconds.